 Dungeon Crawl Stone Soup version 0.22.1-2-g9c5b331 (webtiles) character file.

24 seyes the Firebug (level 2, -2/19 HPs)
             Began as a Demonspawn Fire Elementalist on Jan 2, 2019.
             Slain by a worker ant (6 damage)
             ... on level 2 of the Dungeon.
             The game lasted 00:07:09 (1203 turns).

seyes the Firebug (Demonspawn Fire Elementalist)    Turns: 1203, Time: 00:07:09

Health: -2/19      AC:  1    Str: 12 (13) XL:     2   Next: 79%
Magic:  0/5        EV: 12    Int: 20 (22) God:
Gold:   108        SH:  0    Dex: 10 (13) Spells: 4/5 levels left

rFire    . . .     SeeInvis .   (no weapon)
rCold    . . .     Gourm    .   (no shield)
rNeg     . . .     Faith    .   a - +0 robe
rPois    +         Spirit   .   (no helmet)
rElec    .         Reflect  .   (no cloak)
rCorr    .         Harm     .   (no gloves)
MR       .....                  (no boots)
Stlth    ++........             (no amulet)
HPRegen  0.06/turn              l - ring of poison resistance
MPRegen  0.09/turn              m - +6 ring of intelligence

@: mighty
A: claws 1, blink, deformed body, screaming 1, wild magic 1
a: Blink


You were on level 2 of the Dungeon.
You were not hungry.

You visited 1 branch of the dungeon, and saw 2 of its levels.

You collected 108 gold pieces.

Inventory:

Hand Weapons
 p - a cursed -1 dagger
Missiles
 e - 20 arrows
 h - 18 stones (quivered)
Armour
 a - a +0 robe (worn)
Jewellery
 l - a ring of poison resistance (left claw)
 m - a +6 ring of intelligence (right claw)
Scrolls
 d - a scroll of enchant weapon {unknown}
 f - a scroll of blinking {unknown}
 i - a scroll of remove curse {unknown}
 j - a scroll of teleportation {unknown}
Potions
 o - a potion of resistance {unknown}
Comestibles
 b - a chunk of flesh
 c - 2 rations


   Skills:
 - Level 1.7 Dodging
 - Level 1.7 Stealth
 + Level 2.4 Spellcasting
 + Level 1.8 Conjurations
 + Level 3.1 Fire Magic


You had 4 spell levels left.
You knew the following spells:

 Your Spells              Type           Power        Failure   Level  Hunger
a - Flame Tongue          Conj/Fire      ###..        9%          1    #......

Your spell library contained the following spells:

 Spells                   Type           Power        Failure   Level  Hunger
 Throw Flame              Conj/Fire      ###...       13%         2    ##.....
 Conjure Flame            Conj/Fire      ###.....     24%         3    ###....
 Inner Flame              Hex/Fire       ##......     32%         3    ###....
 Sticky Flame             Conj/Fire      ###.....     58%         4    #####..
 Fireball                 Conj/Fire      ###.......   88%         5    ######.


Dungeon Overview and Level Annotations

Branches:
Dungeon (2/15)

Altars:


Innate Abilities, Weirdness & Mutations

You have sharp fingernails.
You can translocate small distances at will.
Armour fits poorly on your strangely shaped body.
You occasionally shout uncontrollably at your foes.
Your spells are a little harder to cast, but a little more powerful.


Message History

Confirm with . or Enter, or press ? or * to list all spells.
Aiming: Flame Tongue (safe; 4% risk of failure)
Press: ? - help, Shift-Dir - straight line, f/p - worker ant
Aim: a worker ant (lightly wounded)
The flame tongue hits the worker ant.
The worker ant is moderately wounded.
The worker ant bites you.
* * * LOW HITPOINT WARNING * * *
It was a potion of mutation.
You feel extremely strange.
Your body twists and deforms.
You feel less in control of your magic.
You feel the urge to shout.
You feel jittery. The worker ant closely misses you.
It was a potion of might.
You feel very mighty all of a sudden.
The worker ant bites you but does no damage.
It was a potion of degeneration.
There was something very wrong with that liquid.
You feel weakened.
You feel dopey.
You feel clumsy. The worker ant bites you.
You die...

#.# #
#.)..............
##.## #
#.##.###############
#...##.# #........#
.......# ####.###.#
#...#### #.# ##.##
#.# #.# #.# #.#
########.#
##.#######.....a@.#
#.#....[.....######
##.#######...# ###
#####


You could see a worker ant.

Vanquished Creatures
  A dart slug (D:2)
  A giant cockroach (D:1)
  6 goblins
  3 hobgoblins (D:1)
  3 kobolds (D:1)
  A ball python (D:2)
  2 frilled lizards (D:1)
  3 rats (D:1)
20 creatures vanquished.

Notes
Turn   | Place    | Note
-------+----------+-------------------------------------------
     0 | D:1      | seyes the Demonspawn Fire Elementalist began the quest for
                  | the Orb.
     0 | D:1      | Reached XP level 1. HP: 13/13 MP: 3/3
   249 | D:1      | Gained mutation: You have sharp fingernails. [demonic
                  | ancestry]
   249 | D:1      | Reached XP level 2. HP: 19/19 MP: 3/5
   410 | D:1      | Reached skill level 3 in Fire Magic
  1201 | D:2      | Gained mutation: Armour fits poorly on your strangely
                  | shaped body. [potion of mutation]
  1201 | D:2      | Gained mutation: Your spells are a little harder to cast,
                  | but a little more powerful. [potion of mutation]
  1201 | D:2      | Gained mutation: You occasionally shout uncontrollably at
                  | your foes. [potion of mutation]
  1201 | D:2      | Gained mutation: You can translocate small distances at
                  | will. [potion of mutation]
  1203 | D:2      | Slain by a worker ant

Skill      XL: |  1  2 |
---------------+-------+-----
Fire Magic     | 3 |  3.1
Dodging        | |  1.7
Stealth        | |  1.7
Spellcasting   | |  2.4
Conjurations   | |  1.8

Action                   || total
-------------------------++-------
Melee: Unarmed           ||    30
Throw: Stone             ||    11
 Cast: Flame Tongue      ||    25
  Use: Potion            ||     3
       Scroll            ||     1
 Stab: Sleeping          ||     1
  Eat: Chunk             ||     1
Armor: Robe              ||     4
Dodge: Dodged            ||    24
